 Dungeon Crawl Stone Soup version 0.30-a0-462-gd5975efbca (webtiles) character file.

Game seed: 8957998451394863063

78 Iich the Sneak (level 4, 0/26 HPs)
             Began as a Kobold Brigand on Dec 16, 2022.
             Was a Plaything of Xom.
             Slain by a black bear (2 damage)
             ... on level 3 of the Dungeon.
             The game lasted 00:05:31 (1810 turns).

Iich the Sneak (Kobold Brigand)                     Turns: 1810, Time: 00:05:33

Health: 0/26       AC: 10    Str: 10      XL:     4   Next: 61%
Magic:  4/4        EV: 10    Int: 10 (12) God:    Xom [.*....]
Gold:   250        SH:  0    Dex: 14 (16) Spells: 3/3 levels left

rFire   . . .      SeeInvis .    a - +2 dagger
rCold   . . .      Faith    .    (no shield)
rNeg    . . .      Spirit   .    n - +1 scale mail {Will+}
rPois   .          Reflect  .    m - +0 hat
rElec   .          Harm     .    k - +2 cloak
rCorr   .          Rampage  .    (no gloves)
Will    ++...                    (no boots)
Stlth   +++.......               (no amulet)
HPRegen 0.24/turn                o - ring of willpower
MPRegen 0.09/turn                (no ring)

@: no status effects
A: small, no large weapons, nightstalker 3, deterioration 1, screaming 1
a: Renounce Religion


You were on level 3 of the Dungeon.
You worshipped Xom.
You were a plaything of Xom.
You visited 1 branch of the dungeon, and saw 3 of its levels.

You collected 250 gold pieces.

Inventory:

Hand Weapons
 a - a +2 dagger (weapon)
 b - a +0 sling of electrocution
Missiles
 d - 9 poisoned darts (quivered)
 e - 3 curare-tipped darts
Armour
 c - a +0 cloak
 k - a +2 cloak (worn)
 m - a +0 hat (worn)
 n - a +1 scale mail of willpower (worn)
 q - a +0 plate armour
 v - a +0 robe
Jewellery
 o - a ring of willpower (left hand)
 t - a ring of ice
Wands
 p - a wand of light (8)
Scrolls
 i - a scroll of poison {unknown}
 l - a scroll of vulnerability {unknown}
 s - 2 scrolls of brand weapon {unknown}
 u - a scroll of identify {unknown}
 x - a scroll of blinking {unknown}
 y - a scroll of summoning {unknown}
Potions
 f - a potion of magic
 g - a potion of curing
 h - a potion of cancellation {unknown}
 j - a potion of flight {unknown}
 r - a potion of brilliance {unknown}
 w - a potion of invisibility {unknown}
 z - a potion of degeneration {unknown}


   Skills:
 + Level 2.2 Fighting
 + Level 3.4 Short Blades
 + Level 2.7 Throwing
 + Level 0.1 Armour
 + Level 1.3 Dodging
 + Level 7.0 Stealth


You had 3 spell levels left.
You didn't know any spells.
Your spell library was empty.

Dungeon Overview and Level Annotations

Branches:
Dungeon (3/15)

Altars:
Xom


Innate Abilities, Weirdness & Mutations

You are small and have problems with some larger weapons.
You are completely attuned to the shadows.
Your body sometimes deteriorates upon taking damage.
You occasionally shout uncontrollably at your foes.


Message History

You barely miss the black bear.
The black bear is moderately wounded.
The hobgoblin closely misses you. The black bear barely misses you.
The black bear closely misses you. The black bear barely misses you.
You closely miss the black bear.
The black bear is moderately wounded.
The hobgoblin hits you. The black bear closely misses you.
The black bear claws you. The black bear barely misses you.
You hit the black bear.
The black bear is heavily wounded.
The hobgoblin barely misses you.
The black bear bites you but does no damage.
The black bear claws you. x2
You are too injured to fight recklessly!
You are too injured to fight recklessly!
You are too injured to fight recklessly!
You are too injured to fight recklessly!
It was a potion of magic.
Magic courses through your body. "Over there now!"
The black bear blinks!
The hobgoblin hits you but does no damage.
It was a potion of curing.
You feel better.
The hobgoblin hits you but does no damage.
The black bear bites you. The black bear barely misses you.
The black bear closely misses you.
You hit the black bear.
The black bear is heavily wounded.
The hobgoblin hits you. The black bear bites you.
Your body deteriorates!
You feel clumsy.
The black bear claws you but does no damage.
The black bear barely misses you.
You hit the black bear.
The black bear is severely wounded.
The hobgoblin hits you but does no damage.
The black bear bites you!
* * * LOW HITPOINT WARNING * * *
Your body deteriorates!
You feel dopey. The black bear claws you.
You die...
Xom bursts into laughter!

#......###.#####.##..............
#......#.............############
#.##...#.#######...#.#
#...##.#.##....#...#.#
###.####.##.##.#.#.#..
#.#..#.##.##.#.#####.
#.#..#....#..#.# ..
#.#..######.##.#.#.
#......#.##.##@h...
#####.##....##.g...
#....#####.#### ###### #.# #..


You could see a black bear and a hobgoblin.

Vanquished Creatures
  Terence (D:2)
  An adder (D:2)
  2 worms (D:2)
  A dart slug (D:1)
  9 bats
  An endoplasm (D:1)
  2 giant cockroaches
  4 goblins
  2 hobgoblins
  4 kobolds
  4 quokkas
  2 frilled lizards
  3 rats
36 creatures vanquished.

Notes
Turn   | Place    | Note
-------+----------+-------------------------------------------
     0 | D:1      | Iich the Kobold Brigand began the quest for the Orb.
     0 | D:1      | Reached XP level 1. HP: 12/12 MP: 1/1
    43 | D:1      | Reached XP level 2. HP: 17/17 MP: 2/2
   149 | D:1      | Reached skill level 6 in Stealth
   283 | D:1      | Found a faded altar of an unknown god.
   422 | D:1      | Reached XP level 3. HP: 11/21 MP: 3/3
   660 | D:1      | Prayed at the altar of an unknown god.
   660 | D:1      | Became a worshipper of Xom of Chaos
   726 | D:2      | Noticed Terence
   759 | D:2      | Killed Terence
   760 | D:2      | Reached XP level 4. HP: 26/26 MP: 4/4
   965 | D:2      | XOM: give mutations
   965 | D:2      | Gained mutation: You occasionally shout uncontrollably at
                  | your foes. [Xom's mischief]
   965 | D:2      | Gained mutation: Your body sometimes deteriorates upon
                  | taking damage. [Xom's mischief]
  1166 | D:2      | XOM: 2-stop teleportation journey
  1235 | D:2      | XOM: noise
  1335 | D:2      | XOM: cloud trail
  1694 | D:3      | Reached skill level 7 in Stealth
  1778 | D:3      | XOM: 7-stop teleportation journey
  1795 | D:3      | Noticed a black bear
  1807 | D:3      | XOM: blink monster(s)
  1810 | D:3      | Slain by a black bear

Illustrated notes

Levels and vault maps discovered:
D:1:      dpeg_arrival_pond, layout_basic,
          hellmonk_ecumenical_altar_heavens_door
D:2:      layout_loops_ring, solitary_fountain, dreamdust_wishing_well,
          uniq_terence
D:3:      layout_basic, mainiacjoe_overflow_alcove_2

Skill      XL: |  1  2  3  4 |
---------------+-------------+-----
Stealth        | 6 7 |  7.0
Short Blades   | 3 |  3.4
Fighting       | |  2.2
Throwing       | |  2.7
Armour         | |  0.1
Dodging        | |  1.3

Action                   |  1- 3 |  4- 6 || total
-------------------------+-------+-------++-------
Melee: Dagger            |    33 |    59 ||    92
Throw: Dart              |     7 |       ||     7
  Use: Potion            |       |     2 ||     2
 Stab: Sleeping          |    15 |     1 ||    16
       Distracted        |       |     1 ||     1
Armor: Robe              |     3 |       ||     3
       Scale mail        |       |    36 ||    36
Dodge: Dodged            |    10 |    26 ||    36

Table legend: (Time is in decaauts)
 A = Elapsed time spent in this place.
 B = Non-inter-level travel time spent in this place.
 C = Inter-level travel time spent in this place.
 D = Time resting spent in this place.
 E = Time spent auto-exploring this place.
 F = Levels seen in this place.
 G = Mean time per level.
                   A        B        C        D        E       F      G
               +--------+--------+--------+--------+--------+-----+--------+
         Total |   1794 |   1696 |     98 |      0 |   1402 |   3 |  598.0 |
       Dungeon |   1794 |   1696 |     98 |      0 |   1402 |   3 |  598.0 |
               +--------+--------+--------+--------+--------+-----+--------+

Top non-repeatable levels by time:
     D:2: 734 daAuts
     D:1: 665 daAuts
     D:3: 395 daAuts
